[Event "Chess.com Global Championship Knockout "]
[Site "Chess.com"]
[Date "2022.09.14"]
[Round "1"]
[White "Kramnik, Vladimir"]
[Black "Melkumyan, Hrant"]
[Result "1-0"]
[WhiteElo "2753"]
[BlackElo "2645"]
[ECO "B12"]
[EventDate "2022.??.??"]
[Annotator "Rafael Leitão"]
[PlyCount "75"]
[Beauty "7835249283112"]
[EventType "team-tourn"]
[TimeControl "900+2"]

{Kramnik showed in the first few knockout games that retirement hasn't taken his class away.} 
1.e4 {Playing chess for fun, the veteran legend is now free to play open and uncomprimising chess, something he became adept in the final years of his outstanding career.} 1...c6 2.d4 d5 3.e5 Bf5 4.h4 {This is a very popular way to meet the Caro-Kann nowadays.} 4...h5 5.Bd3 Bxd3 6.Qxd3 Qa5+ 7.b4 $5 {An interesting pawn sacrifice to open the b-file and leave Black's king without shelter. That said, it's also risky—a pawn is a pawn.} ( 7.Nd2 {was Caruana's choice in his already famous win against Firouzja in the Grand Swiss in 2021.} ) 7...Qa6 ( 7...Qxb4+ {I would say that, out of honor, you have to accept this pawn. After all, you are taking it with check and at least getting something in return for the usual Caro-Kann suffering. That's not to say, obviously, that I would actually grab this pawn in my own game.} 8.Nd2 e6 9.Rb1 Qe7 {This is a critical position to evaluate the merits of the pawn sacrifice. A recent high-profile example followed:} 10.Ne2 Qc7 ( 10...b5 $1 ) 11.O-O ( 11.c4 $1 ) 11...Nd7 12.c4 $1 {with excellent compensation in the rapid game Van Foreest - Carlsen, Oslo 2022.} ) 8.Qd1 {This move has never been played in this position, although we will get a transposition later. Does this mean Kramnik is still working seriously on his openings—or is this just over-the-board inspiration $2 I would bet on the first choice.} ( 8.e6 {is more popular, but it doesn't offer much.} 8...Qxd3 9.cxd3 fxe6 10.Nd2 {with a complicated game.} ) 8...e6 9.c3 {This is a dangerous position for Black, and that's why I'd rather take the pawn on b4 on move 7. The counterplay in the queenside, which typically happens with the move c6-c5, is now slowed down. White's queenside pawn advance also helps to support an assault on Black's king, in case he tries to find comfort on this side of the board. Black must act quickly.} 9...Ne7 ( 9...Qb6 {is an interesting option, with the idea of playing 10...a5 and creating some counterplay.} ) 10.Ne2 Nd7 11.a4 $1 {An excellent move. Now Black has no time for Qb6-a5 anymore and is left without a reasonable plan.} 11...Nf5 ( 11...Qb6 12.a5 ) 12.Nd2 ( 12.Bg5 {was played in a blitz game between Burke and Nyzhnyk, but Kramnik's move is better.} 12...f6 $1 ( 12...Nb6 {was played in the aforementioned blitz game.} ) 13.exf6 gxf6 14.Bf4 Be7 {with an unclear position.} ) 12...Be7 13.Nf3 b6 {A desperate attempt to play c5 and get some play.} 14.g3 {Defending the h4-pawn so White can castle.} ( 14.Bg5 f6 15.Bf4 {is also clearly better for White.} ) 14...c5 15.b5 Qb7 16.O-O ( 16.Bg5 {is a bit more accurate since the rook is useful on h1 in case Black decides to capture the bishop.} 16...f6 ( 16...Bxg5 {Now White can take with the pawn and make use of the h1-rook immediately, or take with the knight and try to play Nf4 and g4 later, when the rook is again useful on its initial square.} 17.hxg5 ( 17.Nxg5 ) ) 17.Bf4 a6 18.O-O axb5 19.axb5 Rxa1 20.Qxa1 O-O 21.Re1 Ra8 22.Qb1 {This position is still tricky for Black to play because of the kingside weaknesses. White has a clear plan: take on f6, remove the bishop from f4 and replace it for a knight.} ) 16...a6 17.Bg5 axb5 ( 17...Bxg5 {This capture is possible now.} 18.Nxg5 axb5 19.axb5 Rxa1 20.Qxa1 O-O {with a similar position to the one we will see later in the game. The difference is that the Qc1-g5 maneuver is not available now—more about this in the next comments.} ) 18.axb5 ( 18.Bxe7 {is more accurate, with the idea:} 18...Nxe7 19.axb5 Rxa1 20.Qxa1 O-O 21.Qc1 $1 {and the queen will land on g5 with devastating effect.} ) 18...Rxa1 19.Qxa1 O-O ( 19...Bxg5 $5 ) 20.Bxe7 Nxe7 21.Nf4 ( 21.Qc1 $1 {The same position we saw previously. This move is beautiful. Chess authors like to say that queen + knight is a deadly combination when attacking the opponent's king. In this case, we would have a queen, two knights, and Kramnik as the commander. It doesn't get much better than this.} ) 21...Ra8 22.Qd1 g6 23.Ng5 Nf8 {Now Black somehow manages to protect the king.} 24.g4 $1 hxg4 25.h5 ( 25.Qxg4 {This doesn't make much difference since h5 will be played sooner or later.} ) 25...cxd4 26.cxd4 Qc8 27.Qxg4 Qc2 $1 {bringing the queen to the defense.} 28.hxg6 Nexg6 $2 {Black is in trouble after this move because the defensive resource Qf5 is no longer available.} ( 28...Nfxg6 $1 {This is the right choice. I suppose Melkumyan was afraid of the sacrifice on e6, but the cold-hearted computer shows the path to salvation.} 29.Nfxe6 ( 29.Nh5 {is not so dangerous now.} 29...Qf5 ) 29...Qf5 $1 {The only move.} ( 29...fxe6 $2 30.Qxe6+ Kg7 31.Qf6+ Kh6 32.Kg2 $18 ) 30.Qxf5 Nxf5 31.Nc7 Ra4 32.Nxd5 Rxd4 33.Nf6+ Kg7 {and the position is close to a draw.} ) 29.Nh5 {Now, my previous comment about the strength of the queen, two knights, and Kramnik commander is valid again.} 29...Nd7 $2 {Black avoids 30.Nf6, but this allows a decisive combination.} ( 29...Ra4 $1 {The computer says this is the only move for Black. Good luck finding this one in an online rapid game.} 30.Nf6+ Kg7 {Somehow White is not mating the king yet.} ) 30.Nxe6 $1 {The decisive blow.} 30...fxe6 31.Qxe6+ Kh8 32.Qxd7 Rg8 33.Ng3 Nf4 34.Kh2 $1 {The only move, but more than enough.} 34...Qg6 35.Rh1 $1 {Again, the only move.} 35...Qh6+ 36.Kg1 Ne2+ 37.Kg2 Nf4+ 38.Kf1 {A magnificent game for rapid play standards.} 1-0

[Event "Chess.com Global Championship Knockout "]
[Site "Chess.com"]
[Date "2022.09.15"]
[Round "1"]
[White "Ponkratov, Pavel"]
[Black "Anand, Viswanathan"]
[Result "1-0"]
[WhiteElo "2593"]
[BlackElo "2756"]
[ECO "C54"]
[EventDate "2022.??.??"]
[Annotator "Rafael Leitão"]
[PlyCount "71"]
[Beauty "7976828013601"]
[EventType "team-tourn"]
[TimeControl "900"]

{Considering that Anand is a former World Champion known for his skill in rapid time controls, it's a bit of a surprise to see him eliminated in the first knockout stage. But Ponkratov is a creative and dangerous player who can beat anyone. His games are never boring, and I can tell he likes to play with the initiative and enjoys seeing chaos on the board. It's also clear, in retrospect, that Anand gave up too much of his time to play with the Black pieces in the armageddon.} 
1.e4 e5 2.Nf3 Nc6 3.Bc4 Bc5 4.c3 Nf6 5.d4 {A topical alternative to the Giuoco Pianissimo that arises after 5.d3.} 5...exd4 6.e5 d5 7.Be2 $5 {A sideline.} ( 7.Bb5 {This move is much more popular.} ) 7...Ne4 8.cxd4 Bb6 ( 8...Bb4+ {is a serious alternative.} ) 9.Nc3 O-O 10.O-O {A typical and important position to understand in the system with 5.d4. As so often is the case, the pawn structure dictates the plans for both sides. Black, sooner or later, will have to play f7-f6 to brake White's advanced post and create some room for his pieces. White then can take the pawn or allow Black to take, or even play f5. Another important idea for White is to play Na4 and grab the bishop pair. The game is full of complex positional ideas.} 10...Be6 {Of course, there are interesting alternatives to this move, like 10...Bg4 or the immediate 10...f6.} 11.Na4 $5 ( 11.Be3 {is more popular.} ) 11...f6 $1 12.Be3 Kh8 {A new move. It's not really clear if this move is necessary. 12...Bg4 has been tested and approved in correspondence games.} ( 12...Bg4 $1 ) 13.a3 {A mysterious pawn move, but if White is going to capture on b6, then it's useful to have the pawn protected on a3.} 13...fxe5 $6 {A mistake, since this opens the position for the bishop pair and allows White to advance the kingside pawns. 13...f5 or 13...Bg4 are better.} ( 13...f5 ) ( 13...Bg4 ) 14.Nxb6 axb6 15.Nxe5 $1 {The correct way to capture, so the kingside pawns are free to walk.} 15...Nd6 $5 ( 15...Nxe5 16.dxe5 {and the e4-knight is unstable.} ) 16.f4 {A very natural move. Also possible is} ( 16.Nxc6 bxc6 17.Qc1 Nc4 18.Bg5 Qd7 19.Re1 {with some advantage due to the bishop pair.} ) 16...Bf5 ( 16...Nc4 {is tempting.} 17.Nxc4 ( 17.Bc1 {is also interesting.} ) 17...dxc4 18.f5 Rxf5 19.Rxf5 Bxf5 20.Bxc4 Qd7 {is slightly better for White.} ) 17.Qb3 Be4 18.Rac1 ( 18.Qc3 $1 {is more accurate.} ) 18...Na5 ( 18...Nf5 $1 {solves Black's problems.} 19.Qc3 ( 19.Nxc6 bxc6 20.Rxc6 $2 Qe8 21.Rc3 c5 $1 {with a decisive initiative.} ) 19...Nxe5 20.fxe5 c5 $1 {with counterplay.} ) 19.Qc3 Nac4 $5 {Anand offers a pawn to set up a fortress in a position with opposite-colored bishops.} 20.Rcd1 $2 {This allows a nice tactical idea.} ( 20.Nxc4 dxc4 21.Bxc4 Nxc4 22.Qxc4 c6 {This is the idea. It's not easy to break Black's position because of the firm control of the light squares.} ) ( 20.Rce1 {If White is not going to accept the pawn, then this move is better.} ) 20...c6 $2 {Anand misses the chance.} ( 20...Bc2 $1 {wins the exchange.} 21.Bxc4 ( 21.Rde1 $2 Ne4 $19 ) ( 21.Qxc2 $2 Nxe3 $19 ) 21...Bxd1 22.Bd3 ( 22.Bxd5 $2 Nb5 23.Qc4 Be2 $1 24.Qxe2 Qxd5 {and Black is winning.} ) 22...Ba4 {and the compensation is not enough—Black is better.} ) 21.Bc1 $1 {Now White is ready to start pushing the kingside pawns.} 21...b5 22.g4 Qe7 23.Qg3 ( 23.Rde1 {is better.} ) 23...Bc2 $1 24.Rde1 Ne4 25.Qh3 Kg8 26.Qg2 $5 {Trying to exploit the unstable position of the c2-bishop.} 26...Bb3 27.Rf3 Nxe5 28.dxe5 Qc5+ $2 {This natural check leads to trouble. The queen is necessary on e7, defending the king and preventing the f4-f5 advance.} ( 28...Bc4 $1 29.Bd1 b4 {with a chaotic position.} ) 29.Kh1 Bc4 ( 29...Rae8 $5 ) 30.Bd1 ( 30.f5 $1 Bxe2 31.Qxe2 {is much better for White since the kingside pawns are too dangerous.} ) 30...b4 31.f5 bxa3 32.bxa3 b5 ( 32...Qa5 {is a better try.} ) 33.g5 $6 ( 33.e6 $1 {With a dangerous initiative. A possible (and pretty) variation is:} 33...b4 34.g5 $1 bxa3 35.f6 a2 36.f7+ Kh8 37.g6 $1 a1=Q 38.Qh3 $18 {and even with two queens on the board, Black cannot avoid mate.} ) 33...b4 $2 ( 33...Qe7 $1 {This is better, with the idea of breaking the pawn chain after} 34.e6 g6 $1 ) 34.g6 {Now the attack is unstoppable.} 34...bxa3 ( 34...hxg6 35.Qxg6 $18 ) 35.f6 $1 h5 ( 35...gxf6 36.Bh6 $18 ) ( 35...h6 36.f7+ Kh8 37.Bxh6 $18 ) 36.f7+ 1-0

[Event "Chess.com Global Championship Knockout "]
[Site "Chess.com"]
[Date "2022.09.20"]
[Round "1"]
[White "Bortnyk, Olexandr"]
[Black "Xiong, Jeffery"]
[Result "0-1"]
[WhiteElo "2604"]
[BlackElo "2690"]
[ECO "C48"]
[EventDate "2022.??.??"]
[Annotator "Rafael Leitão"]
[PlyCount "92"]
[Beauty "7217155685921"]
[EventType "team-tourn"]
[TimeControl "900+2"]

1.e4 e5 2.Nf3 Nc6 3.Bb5 Nf6 4.d3 Bc5 5.Nc3 {One of the hundreds of ways to play the Anti-Berlin system. This is only the fifth most popular move.} 5...O-O 6.O-O Re8 7.Be3 $2 {Curiously, this move, natural as it seems, is a serious mistake.} ( 7.Bg5 {is the main move.} ) 7...Nd4 $1 {Now Black is already clearly better. The problem is that the b5-bishop is in trouble. This knight jump gains strength because White cannot capture with the f3-knight due to the fork, a common pattern in many opening variations. This is one of the reasons why everyone should study games from different openings—it improves your pattern recognition, a crucial ability to achieve chess mastery.} 8.Ba4 ( 8.Bxd4 exd4 9.Ne2 c6 {is also better for Black. This was played in Neiksans-Malakhov, Warsaw (rapid) 2012.} ) 8...c6 $1 {Black prepares both b7-b5 and d7-d5.} 9.h3 {This move is useful to avoid Bg4 in some lines.} ( 9.Bxd4 {This doesn't solve White's problems. There is a very instructive variation:} 9...exd4 10.Ne2 d5 11.e5 ( 11.exd5 Nxd5 $1 {is better for Black since} 12.Nexd4 $2 Bg4 {gives a winning initiative for the sacrificed pawn.} ) 11...Nd7 12.c3 ( 12.Nexd4 Nxe5 13.Nxe5 Bxd4 {wins material.} ) 12...Nxe5 $1 13.Nxe5 Rxe5 14.cxd4 Rxe2 $1 15.Qxe2 Bxd4 {With tremendous compensation for the exchange. The computer already evaluates the position as winning for Black.} ) 9...a5 10.Bb3 b5 {Now, White's pawn structure needs to be damaged because he is forced to advance the a-pawn to give room for the b3-bishop.} 11.a4 $2 {This makes things worse. 11.a3 is better.} ( 11.a3 Nxb3 12.cxb3 Bxe3 13.fxe3 {White has better chances to defend here since b5-b4 is not possible now.} ) 11...Nxb3 12.cxb3 Bxe3 13.fxe3 b4 14.Ne2 d5 $1 15.Qc2 Ba6 {White's position collapses. But the adventure is far from over.} 16.Rfd1 Qb6 17.Kf2 Bxd3 $1 {A nice winning blow.} 18.Rxd3 dxe4 19.Rd6 Nd5 $2 {Xiong surely missed something in his calculation. The simple capture on f3 was enough for a winning advantage.} ( 19...exf3 20.Rxc6 Qb7 21.gxf3 Qd7 22.Rh1 Rac8 23.Rc4 Red8 {and Black has a winning positional advantage, with better pieces, a better pawn structure, and a safer king.} ) 20.Qxe4 {Now, the situation is far from clear.} 20...Qc5 21.Rd7 Nf6 22.Qf5 Nxd7 23.Qxd7 Rad8 24.Rc1 $6 ( 24.Qf5 {leads to a complicated endgame after} 24...g6 25.Qe4 f5 26.Qc4+ Qxc4 27.bxc4 {The position is difficult to play, but White is somewhat better.} ) 24...Qxe3+ $1 {The famous trainer Mark Dvoretsky liked to call this tactical theme a \"desperado.\"} 25.Kxe3 Rxd7 26.Rxc6 ( 26.Nd2 $5 {is a more subtle move. The knight heads to c4.} ) 26...Red8 {The computer claims equality here, but the position seems to me to be easier for Black to play. Material imbalances are usually difficult to evaluate, and this position is no exception.} 27.Nc1 $6 ( 27.Ke4 f6 28.g4 $1 {In general, it seems that White should be fast to advance the kingside pawns to achieve counterplay.} 28...Rd3 29.Nc1 Rd1 30.Ne2 {with equal chances.} ) 27...f6 28.Rc5 ( 28.g4 $1 ) 28...Rd1 29.Rc2 Kf7 30.Ne2 $5 {A tricky move, offering Back the chance to check on d3.} 30...R1d3+ 31.Ke4 $2 {The losing mistake.} ( 31.Kf2 Ke6 {Black is slightly better, but two knights are very dangerous when there are only a few minutes left on the clock.} ( 31...Rxb3 $2 32.Nc1 {and the rook is trapped.} ) ( 31...e4 32.Nfd4 $1 R3xd4 33.Nxd4 Rxd4 34.Ke3 {and White has an easy draw in this rook endgame, for instance:} 34...Rd5 ( 34...Rd3+ 35.Kxe4 Rxb3 36.Kd5 {and the king is too active.} ) 35.Kxe4 Re5+ 36.Kf3 ) ) 31...Ke6 32.Rc6+ R3d6 33.Rxd6+ Rxd6 {The exchange of rooks clearly favors Black. Now it's difficult for White to protect the queenside weaknesses.} 34.Ke3 ( 34.g4 g6 {doesn't make much of a difference. Black will play f6-f5 anyway.} ) 34...f5 $19 35.Nc1 Rd1 36.Nd3 {This allows a liquidation to a winning king and pawn endgame, but the position is lost anyway.} ( 36.Ne2 Rb1 {and the b2-pawn falls.} ) 36...Rxd3+ $1 37.Kxd3 e4+ 38.Ke3 exf3 39.gxf3 g5 {A textbook example of the merits of having a superior pawn structure. White is essentially a pawn down.} 40.Kd4 h5 41.Kd3 Kd5 42.Ke2 Kd4 43.Kd2 g4 44.hxg4 fxg4 45.Ke2 gxf3+ 46.Kxf3 Kd3 0-1